 Dungeon Crawl Stone Soup version 0.30-a0-859-gf88a04b62d (webtiles) character file.

Game seed: 1583161192416659088

1845 zenocrate the Ruffian (level 8, -5/59 HPs)
             Began as a Troll Fighter on Mar 7, 2023.
             Slain by a large abomination (37 damage)
             ... on level 2 of the Abyss.
             The game lasted 00:06:17 (4091 turns).

zenocrate the Ruffian (Troll Fighter)               Turns: 4091, Time: 00:06:18

Health: -5/59      AC:  4    Str: 23    XL:     8   Next: 88%
Magic:  4/4        EV:  9    Int:  4    God:
Gold:   246        SH:  9    Dex:  9    Spells: 2/7 levels left

rFire   . . .      SeeInvis .      - Unarmed
rCold   + + .      Faith    .    b - +0 kite shield
rNeg    . . .      Spirit   .    a - +0 robe
rPois   .          Reflect  .    (helmet restricted)
rElec   .          Rampage  .    r - +0 cloak
rCorr   .          Clarity  +    (gloves unavailable)
Will    .....                    (boots unavailable)
Stlth   +                        z - amulet of regeneration
HPRegen 1.89/turn                B - ring of protection from cold
MPRegen 0.09/turn                (no ring)

@: mighty, unable to read
A: large, unfitting armour, claws 3, regeneration 1, shaggy fur 1, tough skin 1,
clarity, cold resistance 1, [deformed body], [frail 2], [low MP 3], [weak 2],
[inability to read after injury 2]
a: no special abilities


You were on level 2 of the Abyss.
You visited 1 branch of the dungeon, and saw 6 of its levels.
You visited the Abyss 1 time.
You also visited: Sewer.

You collected 246 gold pieces.

Inventory:

Missiles
 i - 2 boomerangs
 j - 11 poisoned darts (quivered)
 m - a throwing net
 o - a curare-tipped dart
 y - 6 large rocks
 F - 2 atropa-tipped darts
Armour
 a - a +0 robe (worn)
 b - a +0 kite shield (worn)
 r - a +0 cloak (worn)
Jewellery
 z - an amulet of regeneration (around neck)
 B - a ring of protection from cold (left claw)
Wands
 u - a wand of paralysis (11)
Scrolls
 e - 2 scrolls of magic mapping {unknown}
 g - a scroll of torment {unknown}
 h - 2 scrolls of blinking {unknown}
 k - a scroll of noise {unknown}
 l - 2 scrolls of fear {unknown}
 q - 3 scrolls of fog {unknown}
 s - 4 scrolls of teleportation
 x - a scroll of vulnerability {unknown}
 C - 3 scrolls of poison
 G - a scroll of amnesia {unknown}
Potions
 c - a potion of might
 d - 2 potions of mutation
 f - 2 potions of attraction
 n - 2 potions of magic
 p - 2 potions of curing
 t - 3 potions of brilliance
 v - 2 potions of resistance
 w - 2 potions of heal wounds
 A - a potion of flight
 D - a potion of haste
 E - a potion of degeneration {unknown}


   Skills:
 - Level 2.4 Fighting
 - Level 2.4 Dodging
 + Level 7.4 Shields
 + Level 7.7 Unarmed Combat
 + Level 3.1 Transmutations


You had 2 spell levels left.
You knew the following spells:

 Your Spells              Type           Power      Damage    Failure   Level
a - Blade Hands           Tmut           1%         N/A       100%        5

Your spell library contained the following spells:

 Spells                   Type           Power      Damage    Failure   Level
 Shock                    Conj/Air       0%         1d3       75%         1
 Portal Projectile        Hex/Tloc       0%         N/A       98%         3
 Swiftness                Air            0%         N/A       98%         3
 Tukima's Dance           Hex            0%         N/A       98%         3
 Airstrike                Air            0%         2d(0-16)  100%        4


Dungeon Overview and Level Annotations

Branches:
Dungeon (6/15)              Sewer (visited)
 Temple: D:4-7

Altars:
Vehumet

Shops:
D:3 [(!*   D:5 ?(


Innate Abilities, Weirdness & Mutations

You are too large for most types of armour.
You have claws for hands.
Your natural rate of healing is unusually fast.
You are covered in fur. (AC +1)
You have tough skin. (AC +1)
You possess an exceptional clarity of mind.
Your flesh is cold resistant. (rC+)
[Armour fits poorly on your strangely shaped body.]
[You are very frail. (-20% HP)]
[Your magical capacity is extremely low. (-30% MP)]
[You are very weak. (Str -4)]
[You sometimes lose the ability to read scrolls when taking damage.]


Message History

The white imp shouts, "Run away, thou grime-gilt miscreant surfacer!"
The wretched star pulses with an eldritch light!
You feel frail. x2
Unknown command.
You barely miss the wretched star.
The wretched star is almost destroyed.
The wretched star glows turbulently.
The lance of force misses you.
Unknown command.
You mangle the wretched star!!
You destroy the wretched star!
Your Shields skill increases to level 7!
Your Transmutations skill increases to level 3!
Unknown command.
You scratch the large abomination.
The large abomination is lightly damaged.
The substance of the Abyss twists violently, and a gateway leading out appears!
You block the large abomination's attack.
You claw the large abomination!
The large abomination is moderately damaged.
A small abomination comes into view.
The large abomination hits you!
You feel threatened and lose the ability to read scrolls!
Unknown command.
You claw the large abomination!
The large abomination is heavily damaged.
You block the large abomination's attack.
Unknown command.
You barely miss the large abomination.
The large abomination is heavily damaged.
You can read scrolls again.
You block the large abomination's attack.
The white imp disappears for a moment.
Unknown command.
You mangle the large abomination!!
The large abomination is almost destroyed.
The large abomination hits you!!!
You feel threatened and lose the ability to read scrolls!
Ouch! That really hurt!
You die...

# ... .. .# # #.
#. ##...... .. . .
# #... #.#. . .. #
##.......# ##. ..
#. .. ..#.#._##
#..#.# ..
.....#....#.#.#..#
# .##.......#..# .
##..#.### ##.#@..#
. .##... #
..##X#.# . . ##.
.# ..# 5..# . #..
# ..#.#.x..# #. #
.# ..# . #....#
#.. # #....#.
.#.## # .# #. ##
..#.. # .# ####
.##.. _# .. .#


You could see a large abomination, a small abomination and a white imp.

Vanquished Creatures
  A wretched star (Abyss:2)
  A large abomination (Abyss:2)
  Sigmund (D:2)
  Eustachio (D:4)
  A chaos spawn (Abyss:2)
  An ogre (D:3)
  2 kobold brigands (Sewer)
  Blork the orc (D:4)
  A scorpion (D:6)
  A jelly (D:5)
  An orc priest (D:3)
  A hound (D:4)
  Terence (D:2)
  Jessica (D:2)
  An iguana (D:4)
  4 gnolls
  4 adders
  A river rat (D:6)
  A shadow imp (D:5)
  A white imp (D:6)
  5 dart slugs
  A worm (D:6)
  8 orcs
  7 endoplasms
  4 giant cockroaches
  12 goblins
  3 hobgoblins (D:2)
  4 jackals (D:1)
  17 kobolds
  4 quokkas
  6 ball pythons
  7 bats
  7 frilled lizards
  8 rats
120 creatures vanquished.

Vanquished Creatures (others)
  4 plants (D:2)
4 creatures vanquished.

Grand Total: 124 creatures vanquished

Notes
Turn   | Place    | Note
-------+----------+-------------------------------------------
     0 | D:1      | zenocrate the Troll Fighter began the quest for the Orb.
     0 | D:1      | Reached XP level 1. HP: 22/22 MP: 0/0
    53 | D:1      | Reached XP level 2. HP: 24/29 MP: 1/1
   372 | D:1      | Reached XP level 3. HP: 36/36 MP: 2/2
   689 | D:2      | Noticed Sigmund
   700 | D:2      | Killed Sigmund
   701 | D:2      | Reached XP level 4. HP: 30/44 MP: 3/3
   701 | D:2      | Reached XP level 5. HP: 34/50 MP: 4/4
   753 | D:2      | Noticed Jessica
   759 | D:2      | Killed Jessica
  1099 | D:2      | Noticed Terence
  1104 | D:2      | Killed Terence
  1105 | D:2      | Reached XP level 6. HP: 56/59 MP: 5/5
  1538 | D:3      | Found Wugiox's Distillery.
  1604 | D:3      | Found a faded altar of an unknown god.
  1650 | D:3      | Reached skill level 5 in Shields
  1650 | D:3      | Reached skill level 5 in Unarmed Combat
  1738 | D:3      | Found Peshrid's Antique Armour Shop.
  1749 | D:3      | Found Pecwau's Weapon Emporium.
  1936 | D:3      | Found Xuggits's General Store.
  2042 | D:3      | Found a radiant altar of Vehumet.
  2209 | D:3      | Gained mutation: You possess an exceptional clarity of
                  | mind. [potion of mutation]
  2209 | D:3      | Lost mutation: You possess an exceptional clarity of mind.
                  | [potion of mutation]
  2209 | D:3      | Gained mutation: You have hidden genetic potential. [potion
                  | of mutation]
  2333 | D:3      | Found Rupoicoe's Antique Armour Shop.
  2439 | D:4      | Noticed Eustachio
  2468 | D:4      | Killed Eustachio
  2469 | D:4      | Reached XP level 7. HP: 25/66 MP: 6/6
  2614 | D:4      | Noticed Blork the orc
  2626 | D:4      | Killed Blork the orc
  2637 | D:4      | Gained mutation: You possess an exceptional clarity of
                  | mind. [hidden potential]
  2876 | D:5      | Entered Level 5 of the Dungeon
  2897 | D:5      | Found Egimezy's Magic Scroll Boutique.
  3019 | D:5      | Learned a level 5 spell: Blade Hands
  3239 | D:5      | Found Hezoeqol's Weapon Shoppe.
  3745 | D:6      | Found a glowing drain.
  3767 | Sewer    | Entered a sewer
  3805 | Sewer    | Reached skill level 1 in Transmutations
  3952 | Abyss:2  | Cast into level 2 of the Abyss (kobold brigand)
  3953 | Abyss:2  | Reached XP level 8. HP: 57/74 MP: 7/7
  3996 | Abyss:2  | Found a corrupted altar of Lugonu.
  3996 | Abyss:2  | Noticed a large abomination
  4019 | Abyss:2  | Killed a large abomination
  4028 | Abyss:2  | Gained mutation: Your flesh is cold resistant. (rC+)
                  | [hidden potential]
  4028 | Abyss:2  | Lost mutation: You have hidden genetic potential. [hidden
                  | potential expressed]
  4054 | Abyss:2  | Found a corrupted altar of Lugonu.
  4064 | Abyss:2  | Noticed a large abomination
  4065 | Abyss:2  | Noticed a wretched star
  4086 | Abyss:2  | Killed a wretched star
  4091 | Abyss:2  | Slain by a large abomination

Illustrated notes

Levels and vault maps discovered:
D:1:      scummos_arrival_hexagon, layout_basic, minmay_pentomino_w2
D:2:      layout_rooms, serial_co_window_serial, co_window_corner_a,
          co_window_paths_a, co_window_of_opportunity_a, co_window_paths_b,
          co_window_paths_b, co_window_cross_2, co_window_unsneaky_path_b,
          co_window_2corner, co_window_of_opportunity_c,
          co_window_unsneaky_path_a, co_window_unsneaky_path_d,
          co_window_broadway_a, lexackson_kobold_supper, uniq_jessica,
          uniq_terence, uniq_sigmund
D:3:      layout_loops_cross, mainiacjoe_overflow_six_doors_small,
          chequers_ecumenical_altar_simple_redux, serial_shops, shop, shop,
          shop, shop, nicolae_lakefront_shop, minmay_ogre_servants
D:4:      layout_basic, uniq_blork_the_orc, uniq_eustachio
D:5:      layout_basic, serial_shops, nicolae_square_shop,
          nicolae_inconvenience_store
D:6:      layout_basic, minmay_temple_entry_ruins, portal_sewer_entry_a,
          st_stairs_2, nicolae_shop_overcharged_wands, uniq_maggie
Abyss:2:  base: Temple, hangedman_stitches_earthworm
Sewer:    kennysheep_pipe_town

Skill      XL: |  1  2  3  4  5  6  7  8 |
---------------+-------------------------+-----
Shields        | 3 4 5 6 7 |  7.4
Unarmed Combat | 4 5 6 7 |  7.7
Transmutations | 1 3 |  3.1
Fighting       | |  2.4
Dodging        | |  2.4

Action                     |  1- 3 |  4- 6 |  7- 9 || total
---------------------------+-------+-------+-------++-------
  Melee: Unarmed           |    93 |   163 |   129 ||   385
    Use: Scroll            |       |     6 |     5 ||    11
         Potion            |       |     1 |     4 ||     5
   Stab: Sleeping          |       |       |     1 ||     1
 Armour: Robe              |    35 |    70 |    30 ||   135
  Dodge: Dodged            |    32 |    86 |    39 ||   157
  Block: Kite shield       |    32 |   104 |    65 ||   201

Table legend: (Time is in decaauts)
 A = Elapsed time spent in this place.
 B = Non-inter-level travel time spent in this place.
 C = Inter-level travel time spent in this place.
 D = Time resting spent in this place.
 E = Time spent auto-exploring this place.
 F = Levels seen in this place.
 G = Mean time per level.
                   A        B        C        D        E       F      G
               +--------+--------+--------+--------+--------+-----+--------+
         Total |   4093 |   3900 |    193 |    140 |   2872 |   8 |  511.6 |
       Dungeon |   3778 |   3585 |    193 |    102 |   2730 |   6 |  629.7 |
         Abyss |    119 |    119 |      0 |      0 |     59 |   1 |  119.0 |
         Sewer |    195 |    195 |      0 |     38 |     83 |   1 |  195.0 |
               +--------+--------+--------+--------+--------+-----+--------+

Top non-repeatable levels by time:
     D:3: 902 daAuts
     D:2: 901 daAuts
     D:5: 808 daAuts
     D:1: 646 daAuts
     D:4: 437 daAuts
   Sewer: 195 daAuts
 Abyss:2: 119 daAuts
     D:6: 82 daAuts
